AoeStats
← Gravlax

Arabian Desert

509345531Analyzed
1v1 RM · 7d ago on Sep 26, 2026· 32m 9s· 2 players
Game mode
Random Map
Map size
Tiny (2 player)
Population
200
Speed
Normal
Resources
Standard
Victory
Conquest
Starting age
Dark Age
Ending age
Imperial Age
RankedLock teamsTeams togetherTeam positionsShared explorationLock speedFull tech treeHidden civsTurbo modeCheats
Victory
Defeat
🇨🇦 Khmer · Canada
798
+15
🇦🇷 Japanese · Argentina
773
-15
PERRENKEBEBE
12:58 Feudal Age
13:06 Man-at-Arms
19:13 Scale Mail Armor
27:04 Castle Age
26:09 Double-Bit Axe
Gravlax
7:15 Loom
10:35 Feudal Age
11:56 Double-Bit Axe
14:07 Horse Collar
16:25 Gold Mining
18:43 Wheelbarrow
21:49 Castle Age
22:24 Crossbowman
Connection lost

Rejoining the realm…

Still unreachable

The connection could not be restored.

Session expired

The server has moved on; the page needs a fresh start.